AoeStats
← dealedep

Arabia

510213436Analyzed
4v4 RM · 3d ago on Sep 30, 2026· 22m 2s· 8 players
Game mode
Random Map
Map size
Large (8 player)
Population
200
Speed
Normal
Resources
Standard
Victory
Conquest
Starting age
Dark Age
Ending age
Imperial Age
RankedLock teamsTeams togetherTeam positionsShared explorationLock speedFull tech treeHidden civsTurbo modeCheats
Victory
Defeat
🇺🇸 Persians · United States
1102
+11
🇨🇱 Vietnamese · Chile
1066
+13
🇨🇱 Vikings · Chile
1024
+14
🇻🇪 Poles · Venezuela
1003
+15
🇳🇮 Teutons · Nicaragua
1029
-15
🇺🇸 Turks · United States
987
-13
🇨🇳 Khmer · China
981
-13
🇲🇽 Burgundians · Mexico
968
-12
Jared G
4:13 Loom
13:14 Feudal Age
電動遊戯
2:05 Loom
15:40 Feudal Age
18:38 Castle Age
17:04 Horse Collar
17:12 Double-Bit Axe
20:28 Bow Saw
20:22 Heavy Plow
025ISIX
0:38 Loom
10:45 Feudal Age
14:43 Double-Bit Axe
21:59 Castle Age
20:05 Horse Collar
21:20 Bloodlines
21:27 Gold Mining
22:12 Scale Barding Armor
san_siro
7:14 Double-Bit Axe
8:38 Loom
9:54 Wheelbarrow
11:37 Feudal Age
10:23 Horse Collar
14:46 Bow Saw
15:19 Heavy Plow
16:35 Gold Mining
17:51 Town Watch
19:12 Hand Cart
21:42 Castle Age
22:09 Padded Archer Armor
Yisus
5:50 Loom
10:43 Feudal Age
11:35 Double-Bit Axe
17:23 Castle Age
15:21 Horse Collar
16:33 Scale Barding Armor
17:05 Bloodlines
17:32 Forging
20:10 Husbandry
Napoleon
9:11 Loom
11:26 Feudal Age
20:24 Castle Age
19:47 Scale Barding Armor
20:13 Double-Bit Axe
20:52 Bloodlines
dealedep
10:47 Feudal Age
9:03 Loom
16:27 Scale Barding Armor
19:13 Double-Bit Axe
24:08 Castle Age
T3krom_xD
1:46 Loom
10:27 Feudal Age
18:37 Castle Age
17:45 Gold Mining
17:43 Double-Bit Axe
18:46 Crossbowman
20:58 Fletching
Connection lost

Rejoining the realm…

Still unreachable

The connection could not be restored.

Session expired

The server has moved on; the page needs a fresh start.